 Dungeon Crawl Stone Soup version 0.29-a0-925-g0a7a3d12f8 (webtiles) character file.

Game seed: 9957943495600880842

2877 Alarak the Summoner (level 9, -1/45 HPs)
             Began as a Deep Elf Summoner on July 29, 2022.
             Was a Follower of Vehumet.
             Killed from afar by a steam dragon (19 damage)
             ... with a ball of steam
             ... on level 8 of the Dungeon.
             The game lasted 00:34:10 (8573 turns).

Alarak the Summoner (Deep Elf Summoner)             Turns: 8573, Time: 00:34:10

Health: -1/45      AC:  3    Str:  9    XL:     9   Next: 48%
Magic:  11/20      EV: 19    Int: 25    God:    Vehumet [*.....]
Gold:   313        SH:  4    Dex: 21    Spells: 8/21 levels left

rFire   . . .      SeeInvis .   r - +4 spear "Erinewn" {vorpal, *Slow rN+ Str+4}
rCold   . . .      Faith    .   x - +0 buckler
rNeg    + . .      Spirit   .   t - +1 robe
rPois   .          Reflect  .   (no helmet)
rElec   .          Harm     .   (no cloak)
rCorr   .          Rampage  .   (no gloves)
Will    .....                   (no boots)
Stlth   ++........              (no amulet)
HPRegen 0.15/turn               h - +4 ring of evasion
MPRegen 0.17/turn               i - +6 ring of dexterity

@: no status effects
A: no striking features
a: Renounce Religion


You were on level 8 of the Dungeon.
You worshipped Vehumet.
Vehumet was aware of your devotion.
You visited 2 branches of the dungeon, and saw 9 of its levels.

You collected 313 gold pieces.

Inventory:

Hand Weapons
 r - the +4 spear "Erinewn" (weapon) {vorpal, *Slow rN+ Str+4}
   (You found it on level 4 of the Dungeon)

   It inflicts extra damage upon your enemies.
   Str:       It affects your strength (+4).
   rN:        It protects you from negative energy.
   *Slow:     It may slow you when you take damage.
Missiles
 j - 4 throwing nets
Armour
 a - a +1 robe
 t - a +1 robe (worn)
 x - a +0 buckler (worn)
Jewellery
 d - a ring of protection from fire
 h - a +4 ring of evasion (left hand)
 i - a +6 ring of dexterity (right hand)
Wands
 o - a wand of polymorph (1)
 q - a wand of light (4)
 y - a wand of flame (10)
 z - a wand of roots (14)
Scrolls
 c - 2 scrolls of butterflies
 k - 4 scrolls of enchant weapon
 l - a scroll of enchant armour
 m - a scroll of teleportation
 p - a scroll of identify
 u - a scroll of acquirement {unknown}
 w - a scroll of blinking
Potions
 b - a potion of magic
 e - 2 potions of degeneration
 f - 7 potions of curing
 g - 2 potions of brilliance
 n - 2 potions of heal wounds {unknown}
 s - 2 potions of attraction {unknown}
 v - a potion of might {unknown}
 A - a potion of lignification {unknown}


   Skills:
 + Level 5.8 Dodging
 - Level 2.4 Stealth
 - Level 6.6 Spellcasting
 - Level 10.2 Summonings
 - Level 7.8 Air Magic


You had 8 spell levels left.
You knew the following spells:

 Your Spells              Type           Power      Damage    Failure   Level
a - Summon Small Mammal   Summ           100%       N/A       1%          1
b - Call Imp              Summ           56%        N/A       1%          2
c - Call Canine Familiar  Summ           56%        N/A       1%          3
d - Summon Guardian Gole  Hex/Summ       33%        N/A       3%          3
e - Summon Lightning Spi  Summ/Air       52%        N/A       2%          4

Your spell library contained the following spells:

 Spells                   Type           Power      Damage    Failure   Level
 Shock                    Conj/Air       100%       1d9       1%          1
 Sandblast                Erth           16%        2d6       10%         1
 Slow                     Hex            32%        N/A       10%         1
 Passwall                 Tmut/Erth      6%         N/A       14%         2
 Confusing Touch          Hex            8%         N/A       28%         3
 Stone Arrow              Conj/Erth      16%        3d8       28%         3
 Vampiric Draining        Necr           8%         2d6       28%         3
 Hailstorm                Conj/Ice       8%         3d4       67%         4
 Ice Form                 Ice/Tmut       8%         N/A       67%         4
 Fireball                 Conj/Fire      4%         3d4       95%         5
 Iskenderun's Battlesphe  Conj           8%         2d6       95%         5
 Conjure Ball Lightning   Conj/Air       13%        3x3d6     96%         6
 Simulacrum               Ice/Necr       4%         N/A       100%        6
 Orb of Destruction       Conj           4%         9d5       100%        7


Dungeon Overview and Level Annotations

Branches:
Dungeon (7/15)             Temple (1/1) D:4

Altars:
Ashenzari
Cheibriados
Dithmenos
Elyvilon
Fedhas
Kikubaaqudgha
Makhleb
Nemelex Xobeh
Okawaru
Qazlal
Ru
Sif Muna
Trog
Uskayaw
Vehumet
Wu Jian
Xom
Yredelemnul
The Shining One

Shops:
D:2 *   D:4 =


Message History

Found a stone staircase leading up.
There is a stone staircase leading up here.
Found a stone staircase leading down.
There is a stone staircase leading down here.
Found a club.
Found a stone staircase leading up.
There is a stone staircase leading up here.
s - 2 sedimented puce potions (gained 1)
y - a wand of flame (10)
Items here: )) [[ †.
z - a wand of roots (14)
There is a stone staircase leading down here.
You now have 303 gold pieces (gained 17).
Your warg disappears in a puff of smoke!
A - a black potion
Found a stone staircase leading down.
There is a stone staircase leading down here.
f - 7 potions of curing (gained 2)
Found a robe.
You now have 313 gold pieces (gained 10).
A steam dragon comes into view.
A steam dragon is nearby!
Casting: Summon Lightning Spire (dangerous; 2% risk of failure)
Confirm with . or Enter, or press ? or * to list all spells.
Casting: Call Canine Familiar (safe; 1% risk of failure)
Confirm with . or Enter, or press ? or * to list all spells.
An electric hum fills the air.
The steam dragon breathes steam at you. The ball of steam hits your wolf!!
The ball of steam hits you!!
Your wolf is engulfed in a cloud of scalding steam.
Your wolf dies!
Your wolf's corpse disappears in a puff of smoke!
You are engulfed in a cloud of scalding steam.
Your lightning spire shoots out a bolt of lightning at the steam dragon!
The bolt of electricity hits the steam dragon!
Casting: Summon Lightning Spire (dangerous; 2% risk of failure)
Confirm with . or Enter, or press ? or * to list all spells.
The steam dragon breathes steam at you. The ball of steam hits you!!
You die...

######## .......#
#......###
#........############
......#.............#
#.....##...########.#
......###........##.#
##.#####...#####.##.#
##. #...######@##.#
#.#..##...§8...#
#.##......D...h## [.
.......##.#.# ......
#.#.# .#... #.#.#
..... ..#.# #.#....
..#.# #.#.... ...#.#


You could see a steam dragon (catching breath, ally target), a friendly wolf
(summoned) and a friendly lightning spire (summoned).

Vanquished Creatures
  A sky beast (D:5)
  A bullfrog (D:8)
  A jelly (D:5)
  An adder (D:6)
  A worm (D:4)
5 creatures vanquished.

Vanquished Creatures (collateral kills)
  A wyvern (D:6)
  A nameless horror (D:5)
  A water moccasin (D:8)
  A sky beast (D:6)
  2 ogres
  An ice beast (D:6)
  2 centaurs
  2 phantoms
  Blork the orc (D:6)
  A necrophage (D:6)
  3 scorpions
  A howler monkey (D:5)
  A jelly (D:6)
  2 hounds (D:5)
  4 orc wizards
  An iguana (D:4)
  Natasha (thrice) (D:3)
  9 gnolls
  11 adders
  A shadow imp (D:7)
  A white imp (D:6)
  2 worms
  A dart slug (D:1)
  11 orcs
  4 bats
  7 endoplasms
  2 giant cockroaches
  7 goblins
  2 hobgoblins
  4 jackals (D:2)
  4 kobolds
  5 quokkas
  7 ball pythons
  2 frilled lizards
  26 rats
134 creatures vanquished.

Vanquished Creatures (others)
  A two-headed ogre (D:5)
  A troll (D:8)
  An orc priest (D:3)
  3 orcs (D:3)
6 creatures vanquished.

Grand Total: 145 creatures vanquished

Notes
Turn   | Place    | Note
-------+----------+-------------------------------------------
     0 | D:1      | Alarak the Deep Elf Summoner began the quest for the Orb.
     0 | D:1      | Reached XP level 1. HP: 10/10 MP: 6/6
   192 | D:1      | Reached XP level 2. HP: 14/15 MP: 7/9
   195 | D:1      | Learned a level 2 spell: Call Imp
   590 | D:1      | Found a faded altar of an unknown god.
   799 | D:1      | Reached skill level 5 in Summonings
   891 | D:1      | Reached XP level 3. HP: 19/19 MP: 7/10
   895 | D:1      | Learned a level 3 spell: Call Canine Familiar
   899 | D:1      | Learned a level 3 spell: Summon Guardian Golem
  1484 | D:2      | Found Xiopp's General Store.
  1527 | D:2      | Identified the +3 ring mail "Doumpoll" {Will+ Slay-6 SInv}
  1698 | D:2      | Identified the +6 scale mail of Patience {rF- Int+2 Slay+6}
  2127 | D:2      | Reached XP level 4. HP: 22/24 MP: 8/12
  2228 | D:2      | Reached skill level 6 in Summonings
  2521 | D:3      | Noticed Natasha
  2526 | D:3      | Killed Natasha
  2773 | D:3      | Reached XP level 5. HP: 28/28 MP: 9/13
  2891 | D:3      | Noticed Natasha
  2908 | D:3      | Killed Natasha
  2909 | D:3      | Reached skill level 7 in Summonings
  3014 | D:3      | Noticed Natasha
  3022 | D:3      | Killed Natasha
  3127 | D:3      | Reached XP level 6. HP: 32/32 MP: 4/14
  4034 | D:4      | Reached skill level 8 in Summonings
  4295 | D:4      | Found Jyerirgh's Jewellery Shoppe.
  4477 | D:4      | Identified the +1 robe of the Pink Corner {-Cast Rampage
                  | *Slow rPois}
  4666 | D:4      | Identified the +4 spear "Erinewn" {vorpal, *Slow rN+ Str+4}
  4764 | D:4      | Found a staircase to the Ecumenical Temple.
  4799 | Temple   | Entered the Ecumenical Temple
  5086 | Temple   | Became a worshipper of Vehumet
  5296 | D:5      | Entered Level 5 of the Dungeon
  5312 | D:5      | Noticed a sky beast
  5328 | D:5      | Killed a sky beast
  5329 | D:5      | Reached skill level 9 in Summonings
  5329 | D:5      | Reached XP level 7. HP: 36/36 MP: 8/15
  5334 | D:5      | Learned a level 4 spell: Summon Lightning Spire
  5381 | D:5      | Noticed a two-headed ogre
  5394 | D:5      | Killed a two-headed ogre
  5395 | D:5      | Reached skill level 5 in Air Magic
  5395 | D:5      | Reached XP level 8. HP: 41/41 MP: 4/16
  5652 | D:5      | Noticed a nameless horror
  5791 | D:5      | Killed a nameless horror
  6781 | D:6      | Reached skill level 10 in Summonings
  6873 | D:6      | Reached XP level 9. HP: 18/45 MP: 8/17
  7075 | D:6      | Reached skill level 5 in Spellcasting
  7244 | D:6      | Noticed Blork the orc
  7256 | D:6      | Killed Blork the orc
  7346 | D:6      | Found a shimmering blue altar of Sif Muna.
  7970 | D:7      | You fall into a shaft and drop 1 floor!
  8015 | D:8      | Noticed a troll
  8034 | D:8      | Killed a troll
  8269 | D:8      | Reached skill level 5 in Dodging
  8377 | D:8      | Reached * piety under Vehumet
  8377 | D:8      | Offered knowledge of Shock by Vehumet.
  8573 | D:8      | Killed from afar by a steam dragon

Illustrated notes

Levels and vault maps discovered:
D:1:      giann_bridges, layout_basic, shapermc_ecumenical_altar_starsandcircs
D:2:      layout_basic, serial_shops, nicolae_shop_waterfront
D:3:      minmay_skewed_foursquare, layout_basic, minmay_rat_hole, uniq_natasha
D:4:      layout_gridville, minmay_temple_entry_statues_pillars, serial_shops,
          shop, kennysheep_another_room, st_stairs_9
D:5:      layout_basic
D:6:      layout_basic, lemuel_round_altar, uniq_blork_the_orc
D:7:      layout_basic, chequers_temple_overflow_statue_of_worship,
          grunt_ministairs_11, eino_tiny_chamber, nicolae_shop_fire_sale
          [nicolae_sub_dead_trees], lemuel_another_geyser
D:8:      layout_loops_ring, erik_lair_dragon, uniq_psyche
Temple:   dpeg_five_rooms_temple

Skill      XL: |  1  2  3  4  5  6  7  8  9 |
---------------+----------------------------+-----
Spellcasting   | 4 6 |  6.6
Summonings     | 5 6 7 9 10 | 10.2
Air Magic      | 5 7 |  7.8
Dodging        | 5 |  5.8
Stealth        | |  2.4

Action                   |  1- 3 |  4- 6 |  7- 9 || total
-------------------------+-------+-------+-------++-------
Melee: Unarmed           |    14 |    21 |       ||    35
       Spear             |       |     7 |     9 ||    16
 Cast: Summon Small Mamm |    30 |    12 |       ||    42
       Call Imp          |    10 |    15 |     3 ||    28
       Call Canine Famil |    10 |    19 |    22 ||    51
       Summon Guardian G |     1 |     8 |     5 ||    14
       Summon Lightning  |       |       |    25 ||    25
  Use: Scroll            |     2 |     7 |     2 ||    11
 Stab: Sleeping          |     1 |       |     1 ||     2
Armor: Robe              |     8 |     8 |       ||    16
Dodge: Dodged            |    19 |    28 |     6 ||    53

Table legend: (Time is in decaauts)
 A = Elapsed time spent in this place.
 B = Non-inter-level travel time spent in this place.
 C = Inter-level travel time spent in this place.
 D = Time resting spent in this place.
 E = Time spent auto-exploring this place.
 F = Levels seen in this place.
 G = Mean time per level.
                   A        B        C        D        E       F      G
               +--------+--------+--------+--------+--------+-----+--------+
         Total |   8576 |   8282 |    294 |   1364 |   5681 |   9 |  952.9 |
       Dungeon |   8239 |   8022 |    217 |   1364 |   5433 |   8 | 1029.9 |
        Temple |    336 |    259 |     77 |      0 |    248 |   1 |  336.0 |
               +--------+--------+--------+--------+--------+-----+--------+

Top non-repeatable levels by time:
     D:6: 1595 daAuts
     D:3: 1371 daAuts
     D:4: 1275 daAuts
     D:1: 1251 daAuts
     D:2: 1139 daAuts
     D:5: 954 daAuts
     D:8: 603 daAuts
  Temple: 336 daAuts
     D:7: 48 daAuts
